 Dungeon Crawl Stone Soup version 0.31-a0-221-gbddc013574 (webtiles) character file.

Game seed: 14439704195945890441

91 reriks the Sneak (level 4, -1/24 HPs)
             Began as a Kobold Enchanter on July 4, 2023.
             Slain by Menkaure (14 damage)
             ... on level 6 of the Dungeon.
             The game lasted 00:01:43 (1445 turns).

reriks the Sneak (Kobold Enchanter)                 Turns: 1445, Time: 00:01:43

Health: -1/24      AC:  2    Str:  5    XL:     4   Next: 87%
Magic:  8/8        EV: 15    Int: 16    God:
Gold:   159        SH:  0    Dex: 17    Spells: 8/8 levels left

rFire   . . .        a - +1 dagger
rCold   . . .        (no shield)
rNeg    . . .        b - +0 robe
rPois   .            (no helmet)
rElec   .            (no cloak)
rCorr   .            (no gloves)
SInv    .            (no boots)
Will    .....        (no amulet)
Stlth   ++           (no ring)
HPRegen 0.24/turn    (no ring)
MPRegen 0.11/turn

%: no passive effects
@: confused, ambrosia-drunk, attractive, invisible
A: small, no large weapons, nightstalker 3
a: no special abilities


You were on level 6 of the Dungeon.
You visited 1 branch of the dungeon, and saw 5 of its levels.

You collected 159 gold pieces.

Inventory:

Hand Weapons
 a - a +1 dagger (weapon)
Armour
 b - a +0 robe (worn)
Wands
 i - a wand of iceblast (6)
Potions
 c - a potion of invisibility
 e - a potion of berserk rage {unknown}
 g - a potion of magic {unknown}
 h - a potion of cancellation {unknown}


   Skills:
 + Level 2.5 Short Blades
 + Level 3.1 Dodging
 * Level 5.3 Stealth
 + Level 2.8 Spellcasting
 + Level 3.4 Hexes


You had 8 spell levels left.
You didn't know any spells.
Your spell library contained the following spells:

 Spells                   Type           Power      Damage    Failure   Level
 Ensorcelled Hibernation  Hex/Ice        14%        N/A       14%         2
 Confusing Touch          Hex            13%        N/A       14%         3
 Tukima's Dance           Hex            13%        N/A       14%         3
 Dazzling Flash           Conj/Hex       14%        N/A       28%         3


Dungeon Overview and Level Annotations

Branches:
Dungeon (6/15)
 Temple: D:4-7

Altars:

Annotations:
D:6 Menkaure


Innate Abilities, Weirdness & Mutations

You are small and have problems with some larger weapons.
You are completely attuned to the shadows.


Message History

A hound comes into view.
The helpless hound fails to defend itself.
You impale the hound!!
You kill the hound!
Your Dodging skill increases to level 3!
Your Stealth skill increases to level 5!
You have reached level 4!
Magic restored.
You now have 159 gold pieces (gained 18).
A centaur comes into view.
An orc comes into view. It is wielding a +0 short sword.
An orc wizard and an orc priest come into view.
You hear the slow rusting of a drain very nearby.
An iguana comes into view.
Menkaure, Prince of Dust comes into view.
The helpless iguana fails to defend itself.
You impale the iguana!!
You kill the iguana!
Menkaure shouts!
You hear a shout! x3
An orc comes into view. It is wielding a +0 club.
Menkaure gestures at you while chanting.
You barely resist. You hit Menkaure.
Menkaure is lightly damaged.
Menkaure mumbles some strange words.
Menkaure seems to speed up.
You fade into invisibility!
Menkaure calls on the powers of darkness!
Your body is wracked with pain!
The orc convulses!
It was a potion of attraction.
You feel attractive to monsters.
Menkaure calls on the powers of darkness!
Your body is wracked with pain!
The orc convulses!
An orc comes into view. It is wielding a +0 war axe.
The orc is attracted toward you.
It was a potion of ambrosia.
You are confused.
You feel invigorated. Menkaure hits you!
Ouch! That really hurt!
You die...

#.. .# #..##§#
#..##.# #..##o#
#...oM# ##.#.@#
#.#..# #....#
##...###########
#...#.........#
#....<##.####.#
#..#<.##.##.#.#.#
#................
##.#..##.....†...


You could see Menkaure (fast) and 2 orcs.

Vanquished Creatures
  A hound (D:6)
  An iguana (D:6)
  A dart slug (D:1)
  3 ball pythons (D:1)
  3 bats
  2 endoplasms (D:2)
  A giant cockroach (D:1)
  2 goblins
  A hobgoblin (D:2)
  2 jackals (D:2)
  4 quokkas
  4 frilled lizards (D:1)
  3 kobolds
  7 rats
35 creatures vanquished.

Notes
Turn   | Place    | Note
-------+----------+-------------------------------------------
     0 | D:1      | reriks the Kobold Enchanter began the quest for the Orb.
     0 | D:1      | Reached XP level 1. HP: 10/10 MP: 3/3
   157 | D:1      | Reached XP level 2. HP: 15/15 MP: 5/5
   383 | D:1      | Reached XP level 3. HP: 19/19 MP: 6/6
  1154 | D:2      | You fall into a shaft and drop 2 floors!
  1180 | D:5      | Entered Level 5 of the Dungeon
  1389 | D:6      | Reached skill level 5 in Stealth
  1389 | D:6      | Reached XP level 4. HP: 24/24 MP: 6/8
  1417 | D:6      | Noticed a centaur
  1435 | D:6      | Noticed Menkaure
  1445 | D:6      | Slain by Menkaure

Illustrated notes

Levels and vault maps discovered:
D:1:      roderic_chinese_lattice_arrival, layout_basic,
          minmay_misc_feat_pillars, chequers_serial_rivers_micro_d,
          minmay_shallow_snake_nest
D:2:      layout_basic
D:4:      layout_layer_cave, uniq_grinder
D:5:      layout_layer_cave, nicolae_gozag_cash_rules_everything_around_me,
          minmay_temple_entry_antechambers, uniq_eustachio
D:6:      layout_loops_ring, lightli_sewer_entry_pipes, uniq_menkaure

Skill      XL: |  1  2  3 |
---------------+----------+-----
Short Blades   | 2 |  2.5
Dodging        | 3 |  3.1
Stealth        | 5 |  5.3
Spellcasting   | |  2.8
Hexes          | |  3.4

Action                     |  1- 3 |  4- 6 || total
---------------------------+-------+-------++-------
  Melee: Dagger            |    84 |     2 ||    86
    Use: Scroll            |     1 |       ||     1
         Potion            |       |     3 ||     3
   Stab: Sleeping          |    19 |     1 ||    20
 Armour: Robe              |     9 |       ||     9
  Dodge: Dodged            |    37 |       ||    37

Table legend: (Time is in decaauts)
 A = Elapsed time spent in this place.
 B = Non-inter-level travel time spent in this place.
 C = Inter-level travel time spent in this place.
 D = Time resting spent in this place.
 E = Time spent auto-exploring this place.
 F = Levels seen in this place.
 G = Mean time per level.
                   A        B        C        D        E       F      G
               +--------+--------+--------+--------+--------+-----+--------+
         Total |   1436 |   1396 |     40 |     91 |   1065 |   5 |  287.2 |
       Dungeon |   1436 |   1396 |     40 |     91 |   1065 |   5 |  287.2 |
               +--------+--------+--------+--------+--------+-----+--------+

Top non-repeatable levels by time:
     D:1: 798 daAuts
     D:2: 348 daAuts
     D:5: 193 daAuts
     D:6: 70 daAuts
     D:4: 25 daAuts
